 Dungeon Crawl Stone Soup version 0.28-a0-297-g99b01970c5 (webtiles) character file.

Game seed: 12076376393510945320

0 Gargoyl the Skirmisher (level 1, -6/23 HPs)
             Began as a Gnoll Abyssal Knight on Aug 29, 2021.
             Was a Follower of Lugonu.
             Mangled by a hellwing (14 damage)
             ... on level 1 of the Abyss.
             The game lasted 00:00:17 (119 turns).

Gargoyl the Skirmisher (Gnoll Abyssal Knight)        Turns: 119, Time: 00:00:18

Health: -6/23      AC:  3    Str: 11    XL:     1   Next: 0%
Magic:  3/3        EV: 11    Int: 11    God:    Lugonu [*.....]
Gold:   5          SH:  0    Dex: 11    Spells: 0/0 levels left

rFire   . . .      SeeInvis .   a - +1 hand axe
rCold   . . .      Faith    .   (no shield)
rNeg    . . .      Spirit   .   b - +0 leather armour
rPois   .          Reflect  .   (no helmet)
rElec   .          Harm     .   (no cloak)
rCorr   .          Rampage  .   (no gloves)
Will    .....                   (no boots)
Stlth   +.........              (no amulet)
HPRegen 0.07/turn               (no ring)
MPRegen 0.08/turn               (no ring)

@: no status effects
A: fangs 1, strong nose, distributed training
a: Renounce Religion, Depart the Abyss


You were on level 1 of the Abyss.
You worshipped Lugonu.
Lugonu was aware of your devotion.
You visited 0 branches of the dungeon, and saw 0 of its levels.
You visited the Abyss 1 time.

You collected 5 gold pieces.

Inventory:

Hand Weapons
 a - a +1 hand axe (weapon)
Armour
 b - a +0 leather armour (worn)
Scrolls
 c - a scroll of fear {unknown}


   Skills:
 + Level 6.4 Fighting
 + Level 0.0 Short Blades
 + Level 0.0 Long Blades
 + Level 4.4 Axes
 + Level 0.0 Maces & Flails
 + Level 0.0 Polearms
 + Level 0.0 Staves
 + Level 0.0 Slings
 + Level 0.0 Bows
 + Level 0.0 Crossbows
 + Level 0.0 Throwing
 + Level 4.4 Armour
 + Level 2.3 Dodging
 + Level 0.0 Stealth
 + Level 0.0 Shields
 + Level 0.0 Unarmed Combat
 + Level 0.0 Spellcasting
 + Level 0.0 Conjurations
 + Level 0.0 Hexes
 + Level 0.0 Summonings
 + Level 0.0 Necromancy
 + Level 0.0 Translocations
 + Level 0.0 Transmutations
 + Level 0.0 Fire Magic
 + Level 0.0 Ice Magic
 + Level 0.0 Air Magic
 + Level 0.0 Earth Magic
 + Level 0.0 Poison Magic
 + Level 4.4 Invocations
 + Level 0.0 Evocations


You couldn't memorise any spells.
You didn't know any spells.
Your spell library was empty.

Dungeon Overview and Level Annotations

Branches:
Dungeon (0/15)

Altars:


Innate Abilities, Weirdness & Mutations

You have very sharp teeth.
Your uncanny sense of smell can sniff out nearby items.
Your experience applies equally to all skills.


Message History

Welcome, Gargoyl the Gnoll Abyssal Knight.
Will you prevail where others failed? Will you find the Orb of Zot?
Lugonu says: Depart the Abyss and spread corruption, my servant! (use the ability menu to exit the Abyss) Press ? for a list of commands and other information.
Found a corrupted altar of Lugonu.
Unknown command.
Press < or > to pray at altars.
There is a corrupted altar of Lugonu here.
Found a corrupted altar of Lugonu.
Unknown command.
Found a dagger.
Found a gateway leading out of the Abyss.
c - a scroll labelled UDAXTAP YHABB A lurking horror comes into view.
Your body is wracked with pain!
Found a human skeleton.
Unknown command.
A ynoxinul comes into view.
A chaos spawn comes into view.
The chaos spawn shouts!
You hit the bush but do no damage.
Found 5 gold pieces.
You see here 5 gold pieces.
You now have 5 gold pieces.
Found a human skeleton.
A hellwing comes into view.
A starcursed mass comes into view.
A starcursed mass splits.
You hit the starcursed mass but do no damage.
You hit the chaos spawn but do no damage.
You completely miss the hellwing. The chaos spawn gores you!
The hellwing hits you!
Ouch! That really hurt!
You die...

## . #. #### ##.#
#.. .##.## ##
#.#....##.####X#
#....#.....#.#X#
#.#...##.#..4@#
##.###.##..##.4..#
#.... .#### ..#÷.#.
#..##.. #..8P..#
#.. ...# #.....#..
#..##....###..#.###
.. # .#..#.#∆
..#...#.# . ##
....8 .. ......# #.
#####....#.# ...


You could see 2 starcursed masses, a hellwing and a chaos spawn.

Vanquished Creatures (others)
  A lurking horror (Abyss:1)
1 creature vanquished.

Notes
Turn   | Place    | Note
-------+----------+-------------------------------------------
     0 | Abyss:1  | Gargoyl the Gnoll Abyssal Knight began the quest for the
                  | Orb.
     0 | Abyss:1  | Reached XP level 1. HP: 23/23 MP: 3/3
     4 | Abyss:1  | Found a corrupted altar of Lugonu.
    87 | Abyss:1  | Noticed a ynoxinul
    90 | Abyss:1  | Noticed a chaos spawn
   116 | Abyss:1  | Noticed a hellwing
   118 | Abyss:1  | Noticed a starcursed mass
   119 | Abyss:1  | Mangled by a hellwing

Illustrated notes

Levels and vault maps discovered:
Abyss:1:  base: Temple, hangedman_cross_veins, base: Temple,
          hangedman_abyss_feature_spike

Action                   || total
-------------------------++-------
Melee: Hand axe          ||     2

Table legend: (Time is in decaauts)
 A = Elapsed time spent in this place.
 B = Non-inter-level travel time spent in this place.
 C = Inter-level travel time spent in this place.
 D = Time resting spent in this place.
 E = Time spent auto-exploring this place.
 F = Levels seen in this place.
 G = Mean time per level.
                   A        B        C        D        E       F      G
               +--------+--------+--------+--------+--------+-----+--------+
         Total |    119 |    119 |      0 |      0 |     73 |   1 |  119.0 |
         Abyss |    119 |    119 |      0 |      0 |     73 |   1 |  119.0 |
               +--------+--------+--------+--------+--------+-----+--------+

Top non-repeatable levels by time:
 Abyss:1: 119 daAuts
